Map: 애씨드 플랜트 - 래더

Players

SuperNova - Winner!

  • Race: Terran Terran
  • League: Grandmaster
  • Spawn Location: 11:00

IIIIIIIIIIII

  • Race: Zerg Zerg
  • League: Grandmaster
  • Spawn Location: 5:00

VOD

Have the link to the VOD?

Description

Time

  • Played on: Oct. 16, 2018, 11:57 p.m.
  • Length: 14:21
Show
View Real Time Build Order
Export as new Build Order

SuperNova Terran - Winner!

Build Orders: Reaper Expand, Hellion Banshee, Mech 

Get SALT Encoding   

  12  0:01  SCV  
  13  0:13  SCV  
  14  0:17  Supply Depot  
  14  0:25  SCV  
  15  0:38  SCV  
  15  0:41  Barracks  
  16  0:46  Refinery  
  16  0:51  SCV  
  17  1:03  SCV  
  18  1:15  SCV  
  19  1:29  Orbital Command  
  19  1:30  Reaper  
  20  1:40  Command Center  
  20  1:52  Supply Depot  
  20  1:54  SCV  
  21  2:02  Marine  
  21  2:07  Factory  
  22  2:08  SCV  
  22  2:14  Refinery  
  23  2:22  SCV  
  24  2:24  Barracks Reactor  
  24  2:34  SCV  
  25  2:46  SCV  
  26  2:52  Orbital Command  
  26  2:53  Starport  
  26  2:58  SCV  
  27  3:05  Hellion  
  31  3:06  Hellion  
  31  3:08  Barracks Tech Lab  
  31  3:10  SCV  
  32  3:18  SCV  
  33  3:22  SCV  
  33  3:26  Hellion  
  38  3:27  Hellion  
  38  3:36  SCV x2, Viking  
  42  3:45  Supply Depot  
  42  3:48  SCV x2  
  43  3:52  Command Center  
  44  4:02  SCV  
  45  4:03  SCV  
  45  4:04  Cloaking Field  
  45  4:06  Banshee  
  49  4:11  Hellion x2  
  49  4:16  SCV  
  54  4:17  Supply Depot  
  54  4:35  Refinery  
  54  4:36  Refinery  
  54  4:39  SCV x2, Hellion x2  
  54  4:42  Supply Depot  
  60  4:58  SCV x2  
  62  5:03  Armory, Banshee  
  62  5:04  Hellion x2  
  62  5:05  Armory  
  62  5:06  Supply Depot  
  69  5:10  Supply Depot  
  69  5:13  SCV x2  
  71  5:21  Barracks Tech Lab  
  71  5:23  Factory  
  71  5:24  Factory  
  71  5:29  Hellion x2  
  67  5:39  SCV  
  67  5:40  SCV  
  67  5:41  SCV  
  64  5:50  Hellion x2  
  64  5:54  Orbital Command  
  64  5:55  SCV  
  64  5:56  Terran Vehicle Weapons Level 1  
  66  5:57  Terran Vehicle And Ship Armor Level 1  
  66  6:02  Starport Reactor  
  66  6:04  SCV  
  66  6:06  Supply Depot  
  66  6:08  SCV  
  68  6:13  Hellion x2  
  68  6:16  SCV  
  68  6:17  Orbital Command  
  73  6:21  SCV  
  74  6:29  SCV  
  74  6:32  Refinery  
  75  6:33  SCV  
  75  6:35  Thor x2  
  75  6:37  Refinery  
  88  6:40  Supply Depot  
  88  6:42  SCV x2  
  88  6:45  SCV  
  88  6:46  Medivac  
  93  6:48  Medivac  
  95  6:54  SCV x2  
  95  6:55  Hellion  
  95  6:56  Hellion  
  95  6:57  SCV  
  95  6:59  Infernal Pre-Igniter  
  95  7:00  Hellion x8  
  102  7:05  Smart Servos  
  102  7:06  SCV  
  102  7:07  SCV  
  104  7:09  SCV  
  105  7:18  SCV, Command Center  
  109  7:22  Siege Tank  
  109  7:23  Siege Tank  
  109  7:27  Thor x2, Hellion x2  
  109  7:29  SCV  
  117  7:51  Supply Depot  
  117  7:52  Supply Depot  
  117  7:53  Supply Depot  
  117  7:54  Factory  
  117  7:55  Siege Tank  
  117  7:57  Factory  
  116  8:00  SCV x2  
  116  8:01  Terran Vehicle Weapons Level 2, SCV, Terran Vehicle And Ship Armor Level 2  
  116  8:03  Engineering Bay  
  116  8:12  SCV x2  
  116  8:15  SCV  
  116  8:16  Siege Tank, Hellion x2  
  115  8:24  SCV x2  
  112  8:27  SCV  
  112  8:32  Missile Turret  
  110  8:36  SCV x2  
  110  8:39  SCV  
  110  8:41  Factory Reactor, Factory Tech Lab  
  113  8:45  Missile Turret  
  113  8:46  Missile Turret  
  113  8:48  SCV x2  
  113  8:51  SCV  
  116  8:57  Siege Tank  
  116  8:58  Siege Tank, Hellion  
  116  9:00  SCV  
  116  9:01  SCV  
  124  9:03  SCV  
  124  9:07  Siege Tank  
  128  9:11  Refinery, Missile Turret  
  128  9:12  SCV  
  128  9:13  SCV  
  128  9:16  Refinery, Hellion  
  132  9:18  SCV  
  132  9:23  Planetary Fortress  
  132  9:25  SCV, Viking  
  132  9:27  SCV  
  132  9:29  Siege Tank  
  132  9:30  Siege Tank, SCV  
  143  9:37  SCV  
  143  9:38  Hellion x2  
  148  9:39  Siege Tank  
  148  9:40  Supply Depot  
  148  9:43  Viking  
  153  9:51  Supply Depot x2  
  153  9:52  Supply Depot  
  153  9:58  Hellion  
  155  10:01  Siege Tank  
  155  10:02  Siege Tank  
  155  10:04  Sensor Tower, SCV x3  
  155  10:05  SCV  
  155  10:06  Sensor Tower  
  165  10:10  Viking  
  165  10:12  Siege Tank  
  170  10:15  Supply Depot  
  170  10:17  Missile Turret  
  170  10:24  Hellion  
  172  10:32  Terran Vehicle Weapons Level 3  
  172  10:33  Siege Tank  
  172  10:34  Siege Tank  
  174  10:44  Siege Tank  
  174  10:45  Hellion  
  174  10:48  Hellion x2  
  181  10:50  Hellion  
  181  11:04  Viking  
  181  11:05  Siege Tank  
  181  11:06  Siege Tank  
  189  11:15  Command Center  
  189  11:16  Siege Tank, Hellion  
  189  11:18  Hellion  
  196  11:22  Hellion  
  172  11:30  Viking  
  172  11:31  Hellion  
  143  11:36  Viking  
  143  11:37  Siege Tank  
  143  11:38  Siege Tank, SCV x2, Hellion  
  143  11:39  SCV, Hellion  
  158  11:48  Siege Tank  
  158  11:51  Barracks  
  158  11:53  Missile Turret x4, Hellion x3  
  161  11:54  Starport  
  161  11:55  Hellion  
  161  12:00  Hellion x2  
  161  12:01  Hellion  
  169  12:07  Viking x2  
  173  12:09  Siege Tank  
  173  12:10  Siege Tank  
  179  12:15  Sensor Tower  
  179  12:18  Hellion  
  179  12:20  Refinery, Siege Tank  
  184  12:23  Liberator x2  
  184  12:24  Starport, Fusion Core  
  184  12:25  Hellion x3  
  184  12:28  Planetary Fortress  
  190  12:39  Hellion  
  190  12:40  Starport Tech Lab  
  190  12:43  Hellion  
  196  12:45  Hellion  
  196  12:49  Hellion  
  196  12:51  Liberator, Hellion  
  186  12:55  Hellion  
  183  13:10  Hellion  
  188  13:14  Hellion x2  
  188  13:15  Hellion x3  
  188  13:16  Hellion  
  200  13:24  Refinery  
  200  13:43  Hellion  
  171  13:48  Hellion  
  171  13:49  Hellion  
  171  13:50  Hellion x4  
  171  13:53  Starport Reactor  
Show
View Real Time Build Order
Export as new Build Order

IIIIIIIIIIII Zerg 

Build Orders: Hatch First, Muta Ling Bane, Swarm Host 

Get SALT Encoding   

  12  0:01  Drone  
  13  0:12  Overlord  
  13  0:17  Drone  
  14  0:30  Drone  
  14  0:31  Drone  
  14  0:34  Drone  
  17  0:52  Hatchery  
  17  0:54  Drone  
  17  0:57  Drone  
  18  1:08  Extractor  
  17  1:13  Spawning Pool  
  17  1:15  Drone  
  17  1:19  Drone  
  18  1:29  Drone  
  19  1:40  Overlord  
  19  1:51  Drone  
  20  1:59  Queen  
  22  2:01  Zergling x2  
  22  2:03  Queen  
  22  2:06  Zergling x2  
  22  2:08  Metabolic Boost  
  26  2:11  Drone  
  27  2:15  Drone  
  27  2:22  Drone  
  29  2:25  Drone  
  30  2:35  Spore Crawler  
  30  2:36  Drone  
  30  2:38  Drone  
  30  2:40  Queen  
  30  2:43  Drone  
  35  2:47  Overlord  
  35  2:53  Overlord  
  35  2:59  Zergling x2  
  36  3:08  Drone x3  
  36  3:09  Drone x2  
  36  3:12  Drone x2  
  43  3:13  Drone  
  43  3:16  Queen  
  43  3:18  Drone  
  47  3:21  Drone  
  48  3:31  Drone  
  48  3:32  Drone  
  50  3:36  Hatchery  
  49  3:41  Overlord  
  49  3:42  Overlord x2  
  49  3:47  Zergling x4  
  49  3:48  Zergling x2  
  52  3:49  Overlord  
  52  3:59  Queen  
  52  4:02  Extractor, Lair, Drone  
  54  4:04  Zergling x2  
  54  4:07  Drone x3  
  58  4:17  Drone x3  
  58  4:20  Baneling Nest, Zergling x4  
  62  4:26  Zergling x6  
  65  4:35  Queen  
  67  4:40  Zergling x4  
  69  4:49  Drone x3  
  71  4:56  Spore Crawler  
  70  5:00  Drone x2  
  70  5:03  Drone x4  
  70  5:05  Baneling x5  
  76  5:08  Overlord x2  
  76  5:09  Overlord  
  76  5:11  Extractor  
  76  5:12  Spore Crawler  
  76  5:13  Overseer  
  73  5:33  Zergling x24  
  76  5:41  Drone x3  
  77  5:44  Drone  
  77  5:45  Drone x3  
  77  5:49  Evolution Chamber  
  80  5:51  Drone, Evolution Chamber  
  80  5:57  Spire, Drone x5  
  83  6:06  Drone x2  
  83  6:11  Extractor, Drone  
  85  6:12  Extractor  
  85  6:16  Drone x3  
  85  6:19  Drone  
  85  6:20  Drone x3  
  85  6:24  Zerg Missile Weapons Level 1, Zerg Melee Weapons Level 1  
  89  6:29  Drone  
  89  6:30  Drone x2  
  89  6:31  Overlord  
  92  6:33  Drone  
  92  6:35  Extractor  
  92  6:39  Hatchery  
  91  6:40  Baneling x5  
  91  6:48  Hydralisk Den, Drone x3  
  91  6:50  Overlord  
  91  6:51  Overlord x2  
  91  6:52  Overlord  
  93  6:58  Overlord  
  93  7:08  Drone x4  
  96  7:12  Mutalisk x5  
  107  7:25  Mutalisk x2  
  110  7:35  Drone x2  
  111  7:37  Spore Crawler  
  111  7:40  Spore Crawler  
  107  7:45  Drone x8  
  115  7:52  Baneling x4  
  113  8:02  Hydralisk  
  113  8:03  Hydralisk x10  
  111  8:24  Drone x2  
  111  8:25  Drone x3  
  114  8:33  Drone  
  114  8:34  Centrifical Hooks, Drone  
  116  8:37  Hydralisk x3  
  116  8:38  Infestation Pit  
  116  8:39  Zergling x4  
  116  8:40  Zergling x18  
  132  8:42  Extractor  
  131  8:54  Spine Crawler, Drone x3  
  133  8:56  Drone, Zerg Melee Weapons Level 2  
  134  9:08  Grooved Spines  
  132  9:20  Overlord x4  
  132  9:21  Overlord x2, Drone  
  132  9:29  Hydralisk x9  
  132  9:30  Hatchery  
  148  9:34  Extractor  
  147  9:45  Baneling  
  147  9:46  Baneling x8  
  147  9:48  Zergling x2  
  147  9:49  Zergling x20  
  154  10:13  Drone x4, Swarm Host  
  154  10:14  Swarm Host x7  
  161  10:19  Muscular Augments  
  182  10:25  Swarm Host x3  
  191  10:30  Spine Crawler x2  
  191  10:32  Drone x2, Swarm Host x2  
  197  10:37  Swarm Host  
  197  10:39  Spine Crawler  
  188  10:46  Zergling x6  
  188  10:47  Zergling x12  
  188  10:49  Baneling x8  
  193  10:58  Zergling x14  
  193  11:02  Zergling x6  
  179  11:30  Zergling x26  
  168  11:34  Hydralisk x2  
  168  11:37  Queen x2  
  170  11:42  Queen  
  170  11:43  Hydralisk  
  170  11:44  Hydralisk x3  
  180  11:50  Baneling x3  
  180  11:51  Baneling x12  
  180  11:52  Swarm Host x5  
  195  12:02  Zergling x2  
  196  12:12  Overlord x2  
  196  12:16  Zerg Ground Armor Level 1  
  196  12:32  Hive  
  193  12:40  Baneling x13  
  193  12:42  Spine Crawler  
  192  12:44  Spine Crawler  
  192  12:49  Zergling x36  
  192  12:50  Zergling x4  
  194  13:06  Hydralisk x3  
  178  13:21  Baneling  
  178  13:22  Baneling x14  
  178  13:24  Hydralisk x10  
  198  13:31  Overlord x2  
  194  13:48  Zergling x24  
  179  14:02  Zergling x10  
Tags
 
Add a new tag
Caveats
  • Supply blocks, unpowered buildings, or Contaminate may cause inaccurate times.
  • Supply counts are checked every 10 seconds.